 Dungeon Crawl Stone Soup version 0.25.1-2-g60ff931df9 (webtiles) character file.

Game seed: 9482145626754302716

122588 DearestLeader the Earth Mage (level 16, -6/96 HPs)
             Began as a Gargoyle Earth Elementalist on Nov 3, 2020.
             Was the Champion of Vehumet.
             Mangled by a hornet (10 damage)
             ... created by a shambling mangrove
             ... on level 1 of the Swamp.
             The game lasted 01:40:19 (35785 turns).

DearestLeader the Earth Mage (GrEE)                Turns: 35785, Time: 01:40:20

Health: -6/96      AC: 29    Str: 14    XL:     16   Next: 88%
Magic:  5/40       EV: 17    Int: 21    God:    Vehumet [******]
Gold:   2636       SH:  5    Dex: 10    Spells: 16/38 levels left

rFire    + . .     SeeInvis .   K - +8 whip "Snakebite" {curare, rPois}
rCold    . . .     Gourm    .   Q - +1 buckler {AC+3}
rNeg     + . .     Faith    .   Y - +2 robe {rF+}
rPois    ∞         Spirit   .   j - +1 helmet
rElec    +         Reflect  .   U - +2 cloak
rCorr    .         Harm     .   C - +2 pair of gloves
MR       +....                  R - +1 pair of boots {run}
Stlth    ++........             o - amulet of regeneration
HPRegen  0.66/turn              s - +4 ring of evasion
MPRegen  0.27/turn              v - ring of magical power

@: grasped by roots, flying, constricted, quick
A: big wings, negative energy resistance 1, electricity resistance, unbreathing,
petrification resistance, rot immunity, AC +12
a: Stop Flying, Renounce Religion


You were on level 1 of the Swamp.
You worshipped Vehumet.
Vehumet was exalted by your worship.
You were not hungry.

You visited 5 branches of the dungeon, and saw 25 of its levels.
You also visited: Ossuary, Gauntlet, Ice Cave and Volcano.

You collected 2895 gold pieces.
You spent 259 gold pieces at shops.

Inventory:

Hand Weapons
 G - the +3 dagger "Rudabucs" {holy, rPois MR++ Dex+3 Stlth-}
   (You found it on level 6 of the Lair of Beasts)

   It has been blessed by the Shining One to cause great damage to the undead
   and demons.
   It affects your dexterity (+3).
   It protects you from poison.
   It affects your resistance to hostile enchantments.
   It makes you less stealthy.
 K - the +8 whip "Snakebite" (weapon) {curare, rPois}
   (You found it on level 10 of the Dungeon)

   It poisons the flesh of those it strikes.
   It protects you from poison.
Missiles
 b - 428 stones (quivered)
Armour
 j - a +1 helmet (worn)
 x - a scarf of repulsion
 C - a +2 pair of gloves (worn)
 Q - a +1 buckler of protection (worn)
 R - a +1 pair of boots of running (worn)
 U - a +2 cloak (worn)
 V - a +2 robe of cold resistance
 Y - a +2 robe of fire resistance (worn)
Magical Staves
 H - an uncursed staff of energy
Jewellery
 i - an uncursed ring of see invisible
 l - a +6 ring of dexterity
 o - an amulet of regeneration (around neck)
 s - a +4 ring of evasion (left hand)
 v - a ring of magical power (right hand)
 B - the ring "Boacamof" {Ice rN++ Dex-5}
   (You found it on level 5 of the Lair of Beasts)

   [ring of ice]

   It enhances your ice magic.
   It affects your dexterity (-5).
   It makes you vulnerable to fire.
   It protects you from cold.
   It greatly protects you from negative energy.
Wands
 c - a wand of paralysis (11)
 p - a wand of iceblast (72)
 y - a wand of acid (39)
 E - a wand of disintegration (42)
Scrolls
 a - 5 scrolls of fog
 k - 6 scrolls of fear
 q - 7 scrolls of blinking
 r - 4 scrolls of immolation
 w - 14 scrolls of teleportation
 A - 6 scrolls of amnesia
 J - 4 scrolls of magic mapping
 L - a scroll of brand weapon
 N - 4 scrolls of enchant weapon
 S - 6 scrolls of remove curse
 T - a scroll of identify
 W - a scroll of silence
Potions
 e - 4 potions of mutation
 f - 9 potions of curing
 g - a potion of brilliance
 h - 2 potions of invisibility
 m - 5 potions of flight
 t - 3 potions of ambrosia
 u - 3 potions of haste
 z - 5 potions of might
 D - 3 potions of stabbing
 F - 5 potions of cancellation
 I - 4 potions of lignification
 M - 4 potions of magic
 Z - 3 potions of resistance
Miscellaneous
 O - a tin of tremorstones (2/3)
 P - a box of beasts
Comestibles
 d - 40 rations
 n - a chunk of flesh


   Skills:
 + Level 9.0 Fighting
 - Level 5.0 Maces & Flails
 + Level 8.5 Dodging
 - Level 2.1 Stealth
 - Level 4.0 Shields
 + Level 11.8 Spellcasting
 * Level 15.6 Conjurations
 - Level 6.0 Charms
 - Level 1.0 Transmutations
 - Level 3.2 Air Magic
 + Level 18.4 Earth Magic


You had 16 spell levels left.
You knew the following spells:

 Your Spells              Type           Power        Failure   Level  Hunger
a - Sandblast             Erth           ######       0%          1    None
b - Passwall              Tmut/Erth      ######..     1%          2    None
c - Stone Arrow           Conj/Erth      ######       0%          3    None
d - Lee's Rapid Deconstr  Erth           ######....   1%          5    ####...
e - Petrify               Tmut/Erth      ######..     1%          4    #......
f - Iskenderun's Battles  Conj/Chrm      ######..     1%          5    ####...
g - Swiftness             Chrm/Air       ####....     1%          2    None

Your spell library contained the following spells:

 Spells                   Type           Power        Failure   Level  Hunger
 Chain Lightning          Conj/Air       ######....   85%         8    #######
 Foxfire                  Conj/Fire      ####         1%          1    None
 Conjure Flame            Conj/Fire      #####...     1%          3    None
 Sticky Flame             Conj/Fire      #####...     1%          4    #......
 Fireball                 Conj/Fire      #####.....   1%          5    ####...
 Inner Flame              Hex/Fire       ##......     4%          3    None
 Animate Skeleton         Necr           N/A          5%          1    None
 Apportation              Tloc           ##....       5%          1    None
 Corona                   Hex            ##.....      5%          1    None
 Summon Small Mammal      Summ           ##..         5%          1    None
 Call Imp                 Summ           ##......     9%          2    None
 Call Canine Familiar     Summ           ##......     16%         3    None
 Confusing Touch          Hex            ##......     16%         3    None
 Gell's Gravitas          Tloc           ##........   16%         3    None
 Portal Projectile        Hex/Tloc       ##....       16%         3    None
 Summon Guardian Golem    Hex/Summ       ##......     16%         3    None
 Summon Lightning Spire   Summ/Air       ###.....     26%         4    #......
 Yara's Violent Unravell  Hex/Tmut       ##........   30%         5    ####...
 Passage of Golubria      Tloc           N/A          47%         4    #......
 Summon Ice Beast         Ice/Summ       ##......     47%         4    #......
 Metabolic Englaciation   Hex/Ice        ##........   83%         5    ####...
 Darkness                 Hex            ##........   100%        6    ######.
 Dispersal                Tloc           ##........   100%        6    ######.
 Invisibility             Hex            ##......     100%        6    ######.
 Controlled Blink         Tloc           N/A          100%        8    #######
 Disjunction              Tloc           ##........   100%        8    #######


Dungeon Overview and Level Annotations

Branches:
Dungeon (15/15)            Temple (1/1) D:6            Lair (6/6) D:8
  Swamp (1/4) Lair:4       Spider (0/4) Lair:3        Slime (0/5) Lair:6
    Orc (2/2) D:11            Elf (0/3) Orc:2        Vaults (0/5) D:13
 Depths (0/5) D:15        Ossuary (visited)           IceCv (visited)
Volcano (visited)         Gauntlet (visited)

Altars:
Ashenzari
Cheibriados
Dithmenos
Elyvilon
Fedhas
Gozag
Hepliaklqana
Kikubaaqudgha
Makhleb
Nemelex Xobeh
Okawaru
Qazlal
Ru
Sif Muna
Trog
Uskayaw
Vehumet
Wu Jian
Xom
Yredelemnul
Zin
The Shining One
Beogh
Jiyva

Shops:
D:9 %   D:10 ?   Orc:2 *=([

Portals:
Hell: Lair:6
Trove: D:11 (give horn of Geryon)


Innate Abilities, Weirdness & Mutations

You are resistant to torment.
Your stone body is resilient. (AC +12)
You are immune to poison.
Your large and strong wings let you fly indefinitely.
You resist negative energy. (rN+)
You are resistant to electric shocks. (rElec)
You can survive without breathing.
You are immune to petrification.
You are immune to rotting.


Message History

Aim: a shambling mangrove (heavily damaged, poisoned)
The stone arrow hits the shambling mangrove.
The shambling mangrove is severely damaged.
The shambling mangrove hits you but does no damage.
The grasping roots constrict you.
Casting: Stone Arrow (safe; 0% risk of failure)
Confirm with . or Enter, or press ? or * to list all spells.
Aiming: Stone Arrow (safe; 0% risk of failure)
Press: ? - help, Shift-Dir - straight line, f/p - shambling mangrove
Aim: a shambling mangrove (heavily damaged, poisoned)
The stone arrow hits the shambling mangrove!
The shambling mangrove is severely damaged.
The hornet stings you but does no damage.
The hornet closely misses you. The hornet misses you. The hornet stings you!
* * * LOW HITPOINT WARNING * * *
The shambling mangrove hits you but does no damage.
* * * LOW HITPOINT WARNING * * *
The grasping roots constrict you! You block the hornet's attack.
The hornet stings you!
You die...

♣.≈≈≈. ♣≈♣♣♣♣.≈.♣ ♣.≈.
.≈≈.#≈######♣........♣ ♣♣♣..≈
≈≈≈≈.≈≈≈..^♣≈.≈≈≈...≈♣♣♣...♣♣
≈≈≈≈≈....≈≈≈.≈≈≈≈≈.♣≈≈♣.≈≈.≈♣
≈≈≈.♣♣.≈....≈≈≈≈≈..♣...≈≈≈≈.♣
≈ ♣♣....≈≈≈≈≈≈.♣....≈≈≈≈.≈
♣.≈≈≈≈≈≈≈≈≈...≈♣♣.≈≈≈≈≈
♣.≈≈≈.≈≈..≈.≈≈.♣♣.≈≈≈≈≈
♣≈...f@.≈.....♣♣♣≈.≈≈≈≈
♣....§.≈≈≈yyy♣♣≈.♣♣≈♣♣♣..≈≈≈
.≈≈≈..≈≈≈≈§.≈≈≈..♣♣≈.♣♣....≈
.≈≈≈.≈≈≈≈....≈≈≈..♣♣♣♣♣...♣≈
♣.....≈≈.........≈..♣♣≈≈..♣♣
♣♣.≈♣♣.....♣♣♣♣♣..≈≈..≈.≈♣♣♣
♣≈♣ ♣♣♣♣≈♣♣ ♣♣.≈≈≈.....)≈ .♣
♣♣♣ .≈≈≈≈.≈≈... ♣.≈≈..≈≈≈≈.


You could see a shambling mangrove (poisoned) and 3 hornets.

Vanquished Creatures
  Rupert (D:12)
  2 thorn hunters (Swamp:1)
  2 orc warlords
  Azrael (Orc:2)
  Harold (D:7)
  A vault guard (D:13)
  4 hydras
  12 two-headed ogres
  4 centaur warriors
  2 alligators (Swamp:1)
  A death yak (Lair:5)
  An ogre mage (D:15)
  Urug (Orc:2)
  2 orc high priests
  Nergalle (D:10)
  A sixfirhy (Lair:6)
  2 unseen horrors
  A swamp dragon (Swamp:1)
  4 wizards
  7 orc knights
  A necromancer (Gauntlet)
  4 deep elf magi (D:15)
  8 orc sorcerers
  3 cyclopes
  2 manticores
  19 ugly things
  A moth of wrath (shapeshifter) (Gauntlet)
  4 salamanders (Volcano)
  6 oklob plants
  Joseph (D:7)
  5 elephants (Lair:5)
  3 ice statues (IceCv)
  5 black mambas
  A torpor snail (Lair:4)
  4 orange demons (Lair:6)
  8 spiny frogs
  A smoke demon (Lair:6)
  3 centaur skeletons
  3 gargoyles
  Maggie (D:7)
  4 rime drakes (Lair:6)
  11 komodo dragons
  2 ice devils (Lair:6)
  A tengu conjurer (D:15)
  A jumping spider (Lair:3)
  4 polar bears
  3 meliai (Gauntlet)
  5 trolls
  A wolf spider simulacrum (D:15)
  3 tyrant leeches (Swamp:1)
  8 slime creatures
  29 blink frogs
  2 bog bodies (Swamp:1)
  5 hornets
  2 dream sheep (Lair:6)
  Sigmund (D:6)
  9 hippogriffs
  2 vampires
  2 spriggans
  A shadow (D:15)
  64 yaks
  8 water elementals
  3 wraiths
  5 wyverns
  2 fire bats (Volcano)
  21 humans (D:13)
  2 basilisks
  6 vampire mosquitoes (Swamp:1)
  3 hungry ghosts
  2 fire elementals (Orc:2)
  2 swamp worms (Swamp:1)
  2 acid dragons (D:14)
  Duvessa (D:5)
  10 hell hounds
  23 water moccasins
  3 black bears
  2 phantoms
  7 porcupines
  40 orc warriors
  5 sky beasts
  11 ice beasts
  17 ogres
  2 eyes of draining
  21 wolves
  13 centaurs
  Blork the orc (D:6)
  15 bullfrogs
  14 crocodiles
  5 big kobolds
  Dowan (D:5)
  4 scorpions
  A water moccasin skeleton (D:7)
  6 killer bees
  17 wights
  7 electric eels
  4 howler monkeys
  2 vampire bats (D:7)
  11 crimson imps
  A bullfrog zombie (D:13)
  4 centaur zombies
  9 hounds
  A human zombie (Ossuary)
  28 orc priests
  6 jellies
  4 bullfrog skeletons
  3 quasits
  26 orc wizards
  4 iguanas
  10 worker ants
  2 hound zombies
  2 hound skeletons
  4 mummies (Ossuary)
  Robin (D:3)
  A worker ant zombie (D:8)
  16 adders
  6 shadow imps
  14 white imps (D:15)
  An ufetubus (D:15)
  2 adder skeletons
  5 worms
  A dart slug (D:1)
  6 leopard geckos
  78 orcs
  3 ball pythons
  4 bat skeletons (D:7)
  3 bat zombies (D:7)
  6 giant cockroaches
  A gnoll zombie (Ossuary)
  22 goblins
  13 hobgoblins
  13 jackals
  36 kobolds
  7 quokkas
  4 bats
  5 frilled lizards
  2 goblin skeletons (D:8)
  3 goblin zombies
  3 hobgoblin zombies
  A jackal skeleton (D:6)
  A kobold skeleton (D:8)
  2 kobold zombies (Ossuary)
  2 orc skeletons (D:8)
  4 orc zombies
  8 rats
  A spectral orc (D:7)
  A plant (Lair:6)
973 creatures vanquished.

Vanquished Creatures (others)
  A crimson imp (D:15)
  An orc (Orc:2)
  3 demonic plants (Gauntlet)
  5 fungi
  11 plants
21 creatures vanquished.

Grand Total: 994 creatures vanquished

Notes
Turn   | Place    | Note
-------+----------+-------------------------------------------
     0 | D:1      | DearestLeader the Gargoyle Earth Elementalist began the
                  | quest for the Orb.
     0 | D:1      | Reached XP level 1. HP: 10/10 MP: 3/3
   282 | D:1      | Reached skill level 4 in Earth Magic
   412 | D:1      | Reached XP level 2. HP: 15/15 MP: 3/5
  1049 | D:1      | Reached skill level 5 in Earth Magic
  1049 | D:1      | Reached XP level 3. HP: 13/19 MP: 6/6
  1053 | D:1      | Learned a level 2 spell: Passwall
  1057 | D:1      | Learned a level 3 spell: Stone Arrow
  2003 | D:2      | Found a shattered altar of Ashenzari.
  2274 | D:2      | Reached XP level 4. HP: 23/24 MP: 7/7
  2659 | D:2      | Found a bloodstained altar of Trog.
  3057 | D:2      | Reached skill level 6 in Earth Magic
  3345 | D:3      | Reached XP level 5. HP: 25/28 MP: 8/8
  3438 | D:3      | Found an ornate altar of the Wu Jian Council.
  4349 | D:3      | Reached skill level 7 in Earth Magic
  4466 | D:3      | Noticed Robin
  4496 | D:3      | Killed Robin
  4927 | D:4      | Noticed an ogre
  4934 | D:4      | Killed an ogre
  4934 | D:4      | Reached XP level 6. HP: 32/32 MP: 5/9
  5014 | D:4      | Reached skill level 8 in Earth Magic
  5580 | D:5      | Entered Level 5 of the Dungeon
  5648 | D:5      | Reached XP level 7. HP: 36/36 MP: 11/11
  5879 | D:5      | Reached skill level 9 in Earth Magic
  5945 | D:5      | Learned a level 5 spell: Lee's Rapid Deconstruction
  6044 | D:5      | Noticed Duvessa
  6044 | D:5      | Noticed Dowan
  6060 | D:5      | Killed Duvessa
  6061 | D:5      | Killed Dowan
  6311 | D:5      | Found an ornate altar of the Wu Jian Council.
  6367 | D:5      | Reached XP level 8. HP: 41/41 MP: 14/14
  6549 | D:5      | Reached skill level 10 in Earth Magic
  6921 | D:5      | Reached skill level 1 in Transmutations
  7041 | D:6      | Reached skill level 1 in Conjurations
  7123 | D:6      | Found a blossoming altar of Fedhas.
  7287 | D:6      | Noticed Blork the orc
  7290 | D:6      | Noticed Sigmund
  7303 | D:6      | Killed Blork the orc
  7310 | D:6      | Killed Sigmund
  7380 | D:6      | Learned a level 4 spell: Petrify
  7502 | D:6      | Found a staircase to the Ecumenical Temple.
  7509 | Temple   | Entered the Ecumenical Temple
  7685 | D:6      | Reached skill level 11 in Earth Magic
  7689 | D:6      | Reached skill level 5 in Spellcasting
  8008 | D:6      | Found a sparkling altar of Nemelex Xobeh.
  8279 | D:6      | Reached XP level 9. HP: 45/45 MP: 16/16
  8332 | D:6      | Found a sacrificial altar of Ru.
  8558 | D:7      | Noticed Joseph
  8571 | D:7      | Killed Joseph
  8840 | D:7      | Reached skill level 12 in Earth Magic
  8917 | D:7      | Noticed Maggie
  8931 | D:7      | Killed Maggie
  9123 | D:7      | Found a basalt altar of Yredelemnul.
  9221 | D:7      | Found a hazy altar of Hepliaklqana.
  9597 | D:7      | Reached skill level 5 in Conjurations
  9799 | D:7      | Noticed Harold
  9809 | D:7      | Killed Harold
  9809 | D:7      | Reached skill level 13 in Earth Magic
  9809 | D:7      | Reached XP level 10. HP: 26/50 MP: 14/19
  9977 | D:7      | Found an ancient bone altar of Kikubaaqudgha.
 10215 | D:8      | Found a glowing golden altar of the Shining One.
 10352 | D:8      | Found a sand-covered staircase.
 10363 | Ossuary  | Entered an ossuary
 11309 | D:8      | Found a staircase to the Lair.
 11323 | D:8      | Found a radiant altar of Vehumet.
 11333 | D:8      | Became a worshipper of Vehumet
 11596 | D:8      | Found a hide-covered altar of Uskayaw.
 12071 | D:8      | Reached skill level 14 in Earth Magic
 12458 | D:9      | Noticed a two-headed ogre
 12466 | D:9      | Killed a two-headed ogre
 12603 | D:9      | Reached XP level 11. HP: 26/54 MP: 11/22
 12768 | D:9      | Found an opulent altar of Gozag.
 12840 | D:9      | Reached * piety under Vehumet
 12840 | D:9      | Offered knowledge of Shock by Vehumet.
 12959 | D:9      | Found Timmis's Food Shop.
 13189 | D:9      | HP: 2/54 [yak (10)]
 13660 | D:9      | Reached skill level 15 in Earth Magic
 13741 | D:9      | Got a buzzing quarterstaff
 13741 | D:9      | Identified the cursed +2 quarterstaff of the Moon {drain,
                  | MR+} (You found it on level 9 of the Dungeon)
 13894 | D:9      | Noticed a manticore
 13901 | D:9      | Killed a manticore
 14547 | D:10     | Entered Level 10 of the Dungeon
 14547 | D:10     | Found Xomuoteu's Magic Scroll Boutique.
 14550 | D:10     | Bought a scroll of teleportation for 39 gold pieces
 14550 | D:10     | Bought a scroll of teleportation for 39 gold pieces
 14550 | D:10     | Bought a scroll of teleportation for 39 gold pieces
 14550 | D:10     | Bought a scroll of magic mapping for 45 gold pieces
 14550 | D:10     | Bought a scroll of blinking for 97 gold pieces
 14771 | D:10     | Reached ** piety under Vehumet
 14771 | D:10     | Offered knowledge of Magic Dart by Vehumet.
 15658 | D:10     | Found the +8 whip "Snakebite" {curare, rPois}
 15755 | D:11     | Found a portal to a secret trove of treasure.
 15763 | D:11     | Noticed Nergalle
 15784 | D:10     | Killed Nergalle
 15890 | Lair:1   | Entered Level 1 of the Lair of Beasts
 16003 | Lair:1   | Reached skill level 1 in Fighting
 16431 | Lair:1   | Reached XP level 12. HP: 62/62 MP: 19/24
 16451 | Lair:1   | Offered knowledge of Dazzling Flash by Vehumet.
 16451 | Lair:1   | Reached skill level 16 in Earth Magic
 17590 | Lair:2   | Reached *** piety under Vehumet
 18613 | Lair:2   | Reached skill level 10 in Conjurations
 19028 | Lair:3   | Offered knowledge of Airstrike by Vehumet.
 19471 | Lair:3   | Reached **** piety under Vehumet
 19474 | Lair:3   | Reached skill level 5 in Dodging
 19629 | Lair:3   | Reached XP level 13. HP: 72/72 MP: 26/26
 19754 | Lair:3   | Found a hole to the Spider Nest.
 19765 | Lair:3   | Reached skill level 5 in Fighting
 20122 | Lair:3   | Reached skill level 1 in Maces & Flails
 20148 | Lair:3   | Offered knowledge of Static Discharge by Vehumet.
 20380 | Lair:4   | Found a gate leading to a gauntlet.
 20404 | Gauntlet | Entered a Gauntlet
 20404 | Gauntlet | Found a transporter.
 20404 | Gauntlet | Found a transporter.
 20408 | Gauntlet | Found a transporter.
 20408 | Gauntlet | Found a transporter.
 20419 | Gauntlet | Noticed a death ooze
 20420 | Gauntlet | Found a transporter.
 20420 | Gauntlet | Found a transporter.
 20434 | Gauntlet | Found a transporter.
 20436 | Gauntlet | Found a transporter.
 20448 | Gauntlet | Found a transporter.
 20488 | Gauntlet | Found a transporter.
 20533 | Gauntlet | Found a transporter.
 20547 | Gauntlet | Found a transporter.
 20560 | Gauntlet | Found a transporter.
 20648 | Gauntlet | Found a transporter.
 20663 | Gauntlet | Found a transporter.
 20677 | Gauntlet | Found a transporter.
 21130 | Gauntlet | Identified a +0 pair of boots of running (You found it in a
                  | Gauntlet)
 21136 | Gauntlet | Got heavily runed gold dragon scales
 21179 | Gauntlet | Identified the +10 great mace of Drought {vorpal, Dex+4}
 21179 | Gauntlet | Noticed a minotaur
 21228 | Gauntlet | Got a glimmering buckler
 21269 | Gauntlet | Got a pair of ichor-stained boots
 21289 | Lair:4   | Identified the +0 buckler of the Bull {MR+ Stlth+} (You
                  | found it in a Gauntlet)
 21299 | Lair:4   | Identified the cursed +0 pair of boots of the Marlin {rC+
                  | Str+7 Slay+3} (You found it in a Gauntlet)
 21801 | Lair:4   | Found a staircase to the Swamp.
 21875 | Lair:4   | Reached skill level 1 in Shields
 22867 | Lair:5   | Reached ***** piety under Vehumet
 22905 | Lair:5   | Offered knowledge of Lightning Bolt by Vehumet.
 23001 | Lair:5   | Got a wavering iron ring
 23003 | Lair:5   | Identified the ring "Boacamof" {Ice rN++ Dex-5} (You found
                  | it on level 5 of the Lair of Beasts)
 23142 | Lair:5   | Reached skill level 10 in Spellcasting
 23608 | Lair:6   | Entered Level 6 of the Lair of Beasts
 23749 | Lair:6   | Reached skill level 5 in Maces & Flails
 23762 | Lair:6   | Gained mutation: Your large and strong wings let you fly
                  | indefinitely. [Gargoyle growth]
 23762 | Lair:6   | Reached XP level 14. HP: 74/78 MP: 6/28
 24018 | Lair:6   | Reached skill level 17 in Earth Magic
 24317 | Lair:6   | Got a warped dagger
 24452 | Lair:6   | Found a viscous altar of Jiyva.
 24453 | Lair:6   | Found a staircase to the Slime Pits.
 25148 | Lair:6   | Found a burning altar of Makhleb.
 25193 | Lair:6   | Offered knowledge of Iskenderun's Battlesphere by Vehumet.
 25328 | Lair:6   | Learned a level 5 spell: Iskenderun's Battlesphere
 25405 | Lair:6   | Found a gateway to Hell.
 26093 | D:11     | Reached skill level 1 in Charms
 26097 | D:11     | Found a roughly hewn altar of Beogh.
 26097 | D:11     | Found a staircase to the Orcish Mines.
 26857 | Orc:1    | Entered Level 1 of the Orcish Mines
 27161 | Orc:1    | Offered knowledge of Bolt of Magma by Vehumet.
 27189 | Orc:1    | Noticed an orc warlord
 27221 | Orc:1    | Killed an orc warlord
 27614 | Orc:1    | Found a roughly hewn altar of Beogh.
 28029 | Orc:2    | Entered Level 2 of the Orcish Mines
 28051 | Orc:2    | Found a staircase to the Elven Halls.
 28055 | Orc:2    | Noticed Azrael
 28178 | Orc:2    | Killed Azrael
 28205 | Orc:2    | Noticed Urug
 28217 | Orc:2    | Found a dark tunnel.
 28226 | Volcano  | Entered a volcano
 28301 | Volcano  | Reached XP level 15. HP: 84/84 MP: 19/29
 28726 | Orc:2    | Killed Urug
 28768 | Orc:2    | Noticed an orc warlord
 28804 | Orc:2    | Offered knowledge of Orb of Destruction by Vehumet.
 28857 | Orc:2    | Killed an orc warlord
 28866 | Orc:2    | Paralysed by an orc sorcerer for 2 turns
 29463 | Orc:2    | Found a roughly hewn altar of Beogh.
 29535 | Orc:2    | Found Acufud's Antique Armour Emporium.
 29539 | Orc:2    | Found Zizic's General Store.
 29623 | Orc:2    | Found Fuemuer's Jewellery Emporium.
 29797 | Orc:2    | Found Xaurr's Antique Weapon Emporium.
 30105 | D:12     | Noticed Rupert
 30110 | D:12     | Paralysed by Rupert for 6 turns
 30446 | D:12     | Reached skill level 5 in Charms
 30471 | D:12     | Killed Rupert
 31388 | D:13     | Found a gate to the Vaults.
 31679 | D:13     | Offered knowledge of Irradiate by Vehumet.
 32183 | D:13     | Identified the cursed +3 dagger "Rudabucs" {holy, rPois
                  | MR++ Dex+3 Stlth-} (You found it on level 6 of the Lair of
                  | Beasts)
 32777 | D:14     | Found a shadowy altar of Dithmenos.
 32917 | D:14     | Reached XP level 16. HP: 83/92 MP: 31/31
 33156 | D:14     | Reached skill level 18 in Earth Magic
 33735 | D:14     | Learned a level 2 spell: Swiftness
 33749 | D:15     | Entered Level 15 of the Dungeon
 33749 | D:15     | Found a frozen archway.
 33759 | D:15     | Reached ****** piety under Vehumet
 33764 | IceCv    | Entered an ice cave
 33765 | IceCv    | Offered knowledge of Conjure Ball Lightning by Vehumet.
 34049 | D:15     | Reached skill level 1 in Air Magic
 34258 | D:15     | Reached skill level 15 in Conjurations
 34489 | D:15     | Offered knowledge of Chain Lightning by Vehumet.
 34662 | D:15     | Found a burning altar of Makhleb.
 34797 | D:15     | Found a staircase to the Depths.
 35207 | Swamp:1  | Entered Level 1 of the Swamp
 35292 | Swamp:1  | Noticed a thorn hunter
 35311 | Swamp:1  | Killed a thorn hunter
 35547 | Swamp:1  | Noticed a thorn hunter
 35566 | Swamp:1  | Killed a thorn hunter
 35785 | Swamp:1  | HP: 4/96 [shambling mangrove (16)]
 35785 | Swamp:1  | Mangled by a hornet

Illustrated notes

Levels and vault maps discovered:
D:1:      saegor_arrival_miasma, layout_basic, serial_co_window_serial,
          co_window_paths_a, co_window_paths_a, co_window_corner_a,
          co_window_paths_b, co_window_paths_b, co_window_cross_1,
          co_window_corner_a, co_window_corner_a, co_window_paths_a,
          co_window_unsneaky_path_d, co_window_corner_cb, co_window_broadway_b,
          co_window_unsneaky_path_d, co_window_corner_b, glass_columns_b
D:2:      layout_loops_ring, bloody_trog, old_standard_altar, serial_park_tiny_2
D:3:      kennysheep_goblin_castle, layout_loops_cross, marbit_many_paths,
          grunt_ministairs_3
D:4:      layout_cave_pods, first_ration
D:5:      layout_basic, basic_altar, st_stairs_13, uniq_duvessa
D:6:      layout_basic, lemuel_coloured_pillars_altar, lemuel_crystal_altar,
          kennysheep_mini, minmay_temple_entry_junction_2, uniq_sigmund,
          uniq_blork_the_orc
D:7:      layout_basic, kennysheep_vampire_church, lemuel_doored_altar,
          yredelemnul_forgotten_temple_becter, uniq_harold, uniq_maggie,
          uniq_joseph
D:8:      layout_layer_cave, vehumet_altar_wand_db,
          nicolae_tso_besieged_by_evil, lemuel_crystal_altar,
          david_lair_shrubbed, nicolae_ossuary_entry_plus
D:9:      layout_stronghold, grunt_gozag_statues, serial_shops, shop,
          grunt_ogre_cave, st_stairs_13
D:10:     layout_gridville, serial_shops, shop, nicolae_water_bricks
D:11:     layout_basic, david_orc_5, enter_trove_1, uniq_nergalle
D:12:     layout_big_octagon, kennysheep_diamond, uniq_rupert
D:13:     layout_long_grid, grunt_vaults_entry_tiered, serial_bayou,
          serial_bayou_pond_a, serial_bayou_lake_a, serial_bayou_shore_b,
          serial_bayou_pond_b
D:14:     layout_irregular_city, roderic_lattice_a,
          nicolae_dithmenos_through_a_glass_darkly
D:15:     grunt_enter_depths_magical_seal, layout_cave_pools, serial_ice,
          serial_ice_f, serial_ice_c, serial_ice_l, serial_ice_m,
          portal_ice_cave_entry_imps, basic_altar
Temple:   kb_temple_of_zot
Lair:1:   dpeg_oklob_gauntlet, layout_hall_layers
Lair:2:   layout_cave_pods, infiniplex_staircase_pool, grunt_megastairs_5,
          serial_bayou_shore_a
Lair:3:   layout_hall_layers, spider_nest_entry_rubble
Lair:4:   layout_regular_city, swamp_mist, gauntlet_entry_generic
Lair:5:   layout_loops_ring, grunt_forest_stairs_clearing
Lair:6:   evil_forest, layout_gridlike, dpeg_slime_entry_enclosed_altar,
          minmay_lair_oklob_chamber
Swamp:1:  layout_basic_swamp, evilmike_swamp_ruin_house_6
Orc:1:    orc_temple, layout_diamond_mine
Orc:2:    grunt_orc_cross, layout_diamond_mine, nicolae_volcano_entry_hallway,
          uniq_urug, uniq_azrael

Skill      XL: |  1  2  3  4  5  6  7  8  9 10 11 12 13 14 15 16 |
---------------+-------------------------------------------------+-----
Earth Magic    | 4 5 6 7 8 9 11 13 14 15 16 17 18 | 18.4
Dodging        | 2 3 5 6 7 8 |  8.5
Spellcasting   | 3 4 5 6 7 8 9 10 11 | 11.8
Transmutations | 1 |  1.0
Conjurations   | 3 5 7 8 10 12 13 14 15 | 15.6
Fighting       | 1 4 5 6 7 9 |  9.0
Maces & Flails | 5 |  5.0
Shields        | 4 |  4.0
Charms         | 3 6 |  6.0
Air Magic      | 3 |  3.2
Stealth        | |  2.1

Action                   |  1- 3 |  4- 6 |  7- 9 | 10-12 | 13-15 | 16-18 || total
-------------------------+-------+-------+-------+-------+-------+-------++-------
Melee: Unarmed           |    29 |       |       |       |       |       ||    29
       Whip              |    94 |    33 |       |   264 |  1260 |   337 ||  1988
       Dagger            |       |   295 |   393 |   390 |       |       ||  1078
 Cast: Sandblast         |    20 |    34 |    64 |    41 |    71 |    28 ||   258
       Stone Arrow       |       |       |     5 |    94 |   181 |    46 ||   326
       Lee's Rapid Decon |       |       |       |    33 |   135 |    51 ||   219
       Petrify           |       |       |       |     4 |    36 |     3 ||    43
       Iskenderun's Batt |       |       |       |       |     2 |       ||     2
 Abil: Fly               |       |       |       |       |     1 |       ||     1
Evoke: Wand              |       |       |       |       |     3 |       ||     3
       Tin of tremorston |       |       |       |       |       |     1 ||     1
  Use: Scroll            |       |     2 |     7 |    10 |    12 |     5 ||    36
       Potion            |       |     2 |       |       |     3 |     1 ||     6
 Stab: Sleeping          |     4 |     6 |     5 |     7 |     3 |       ||    25
       Distracted        |       |       |     1 |       |       |     2 ||     3
       Petrified         |       |       |       |       |    11 |       ||    11
  Eat: Chunk             |     4 |    11 |    12 |    42 |    61 |    17 ||   147
       Ration            |       |       |     1 |       |     2 |       ||     3
Armor: Robe              |    39 |   101 |   137 |   293 |   629 |   182 ||  1381
Dodge: Dodged            |    79 |   254 |   348 |   718 |  1140 |   346 ||  2885
       Repelled          |       |       |       |     1 |    25 |       ||    26
Block: Buckler           |       |       |       |       |   269 |   107 ||   376
